 Dungeon Crawl Stone Soup version 0.24.0-123-gd5b16e6ec5 (webtiles) character file.

Game seed: 12843260615850015620, levelgen mode: deterministic

738 Peloso the Slasher (level 7, 0/61 HPs)
             Began as a Minotaur Fighter on Feb 1, 2020.
             Slain by an orc
             ... wielding a +0 trident
              (2 damage)
             ... on level 6 of the Dungeon.
             The game lasted 00:08:48 (3178 turns).

Peloso the Slasher (Minotaur Fighter)               Turns: 3178, Time: 00:08:48

Health: 0/61       AC: 12    Str: 21    XL:     7   Next: 46%
Magic:  6/6        EV:  7    Int:  5    God:
Gold:   230        SH: 10    Dex: 11    Spells: 6/6 levels left

rFire    + . .     SeeInvis .   a - +1 long sword
rCold    + . .     Gourm    .   c - +0 shield
rNeg     . . .     Faith    .   l - +0 chain mail
rPois    .         Spirit   .   (helmet restricted)
rElec    .         Reflect  .   p - scarf {rC+ rF+}
rCorr    .         Harm     .   (no gloves)
MR       +....                  (no boots)
Stlth    ..........             (no amulet)
HPRegen  0.20/turn              h - +2 ring of protection
MPRegen  0.10/turn              o - ring of protection from magic

@: no status effects
A: retaliatory headbutt, horns 2
a: no special abilities


You were on level 6 of the Dungeon.
You were hungry.

You visited 1 branch of the dungeon, and saw 6 of its levels.

You collected 230 gold pieces.

Inventory:

Hand Weapons
 a - a +1 long sword (weapon)
Armour
 b - a +0 scale mail
 c - a +0 shield (worn)
 l - a +0 chain mail (worn)
 p - a scarf of resistance (worn)
Jewellery
 h - a +2 ring of protection (left hand)
 o - a ring of protection from magic (right hand)
Wands
 q - a wand of iceblast (7)
Scrolls
 g - a scroll of remove curse
 i - a scroll of teleportation
 k - 3 scrolls of identify
 m - a scroll of fog
Potions
 d - 3 potions of might
 n - a potion of mutation
Comestibles
 f - 8 rations
 r - 2 chunks of flesh


   Skills:
 + Level 5.0 Fighting
 + Level 6.1 Long Blades
 + Level 6.0 Armour
 + Level 2.5 Dodging
 + Level 0.1 Stealth
 + Level 5.7 Shields


You had 6 spell levels left.
You didn't know any spells.
Your spell library was empty.

Dungeon Overview and Level Annotations

Branches:
Dungeon (6/15)
 Temple: D:4-7

Altars:
Makhleb
Trog


Innate Abilities, Weirdness & Mutations

You reflexively headbutt those who attack you in melee.
You have a pair of horns on your head.


Message History

The orc barely misses you.
The worker ant zombie barely misses you.
You furiously retaliate!
You headbutt the worker ant zombie. You hit the worker ant zombie.
You headbutt the worker ant zombie!
The worker ant zombie is almost destroyed.
You block the orc's attack.
The worker ant zombie barely misses you.
You furiously retaliate!
You headbutt the worker ant zombie!
You destroy the worker ant zombie!
You feel your dexterity returning.
Your Fighting skill increases to level 5!
You block the orc's attack.
You closely miss the orc. The orc hits you with a +0 trident.
* * * LOW HITPOINT WARNING * * *
You closely miss the orc. The orc hits you but does no damage.
You completely miss the orc. You block the orc's attack.
You hit the orc.
The orc is heavily wounded.
The orc hits you with a +0 trident.
You die...

## #.# #...
#####....
#.#......
###@#......
###.o..!..... . #
#(...........
...#.###.....[....
#.......†.!.......
#.............[...
.......###........
....... ######..#
.. ....... ..#


You could see an orc.

Vanquished Creatures
  A phantom (D:6)
  A bullfrog (D:6)
  A scorpion (D:5)
  2 bullfrog zombies
  A hound (D:6)
  A crimson imp (D:5)
  An orc wizard (D:4)
  2 jellies (D:5)
  Terence (D:2)
  3 worker ants
  A worker ant zombie (D:6)
  9 adders
  An adder zombie (D:6)
  5 worms
  2 dart slugs
  6 leopard geckos
  9 orcs
  8 bats
  6 giant cockroaches
  11 goblins
  8 hobgoblins
  2 jackals (D:3)
  A quokka (D:2)
  9 frilled lizards
  10 kobolds
  8 rats
110 creatures vanquished.

Notes
Turn   | Place    | Note
-------+----------+-------------------------------------------
     0 | D:1      | Peloso the Minotaur Fighter began the quest for the Orb.
     0 | D:1      | Reached XP level 1. HP: 19/19 MP: 0/0
   286 | D:1      | Reached XP level 2. HP: 27/27 MP: 1/1
   543 | D:1      | Reached XP level 3. HP: 32/33 MP: 2/2
   899 | D:2      | Reached XP level 4. HP: 40/40 MP: 3/3
  1011 | D:2      | Noticed Terence
  1021 | D:2      | Killed Terence
  1021 | D:2      | Reached skill level 1 in Dodging
  1442 | D:3      | Reached XP level 5. HP: 47/47 MP: 4/4
  2132 | D:4      | Noticed an ogre
  2215 | D:5      | Entered Level 5 of the Dungeon
  2223 | D:5      | Found a burning altar of Makhleb.
  2232 | D:5      | Reached XP level 6. HP: 46/53 MP: 5/5
  2249 | D:5      | Reached skill level 5 in Long Blades
  2249 | D:5      | Reached skill level 5 in Armour
  2439 | D:5      | Reached skill level 5 in Shields
  2646 | D:5      | Noticed a moth of wrath
  2649 | D:5      | Found a bloodstained altar of Trog.
  3071 | D:6      | Reached XP level 7. HP: 57/60 MP: 6/6
  3162 | D:6      | HP: 3/60 [orc/+0 trident (3)]
  3173 | D:6      | Reached skill level 5 in Fighting
  3175 | D:6      | HP: 1/61 [orc/+0 trident (5)]
  3178 | D:6      | Slain by an orc

Levels and vault maps discovered:
D:1:      ncdulo_watergridlock, layout_loops_ring, serial_bayou_crossing
D:2:      layout_basic, grunt_ministairs_8, uniq_terence
D:3:      layout_loops_cross
D:4:      layout_rooms, nemelex_xobeh_ov_fountains_minmay
D:5:      layout_cave_pools, tgw_trog, basic_altar, first_ration
D:6:      layout_cave_pools, serial_shops, shop, portal_sewer_entry_f

Skill      XL: |  1  2  3  4  5  6  7 |
---------------+----------------------+-----
Shields        | 4 5 |  5.7
Fighting       | 4 5 |  5.0
Long Blades    | 3 4 5 6 |  6.1
Armour         | 4 5 6 |  6.0
Dodging        | 1 2 |  2.5
Stealth        | |  0.1

Action                   |  1- 3 |  4- 6 |  7- 9 || total
-------------------------+-------+-------+-------++-------
Melee: Long sword        |    78 |   198 |    53 ||   329
       Headbutt          |    10 |    42 |     6 ||    58
  Use: Potion            |     2 |     4 |     1 ||     7
       Scroll            |       |       |     6 ||     6
  Eat: Chunk             |       |     7 |       ||     7
Armor: Scale mail        |    36 |    47 |       ||    83
       Chain mail        |       |   116 |    39 ||   155
Dodge: Dodged            |    20 |    69 |    13 ||   102
Block: Shield            |    35 |   149 |    35 ||   219
       Rpst.: Long sword |     6 |    18 |     4 ||    28
